 Dungeon Crawl Stone Soup version 0.28-a0-1387-g3a22ab9bdc (webtiles) character file.

Game seed: 492720128387428872

5134 rogsnak the Destroyer (level 10, -2/80 HPs)
             Began as a Naga Air Elementalist on Jan 2, 2022.
             Was a Follower of Sif Muna.
             Slain by an orc warrior (11 damage)
             ... on level 8 of the Dungeon on Jan 3, 2022.
             The game lasted 00:25:11 (9731 turns).

rogsnak the Destroyer (Naga Air Elementalist)       Turns: 9731, Time: 00:25:12

Health: -2/80      AC: 10    Str: 16    XL:     10   Next: 58%
Magic:  10/21      EV:  9    Int: 23    God:    Sif Muna [*.....]
Gold:   406        SH:  5    Dex: 12    Spells: 11/23 levels left

rFire   + . .      SeeInvis +   H - +2 morningstar (flame)
rCold   . . .      Faith    .   x - +2 buckler {rF+}
rNeg    . . .      Spirit   .   I - +0 steam dragon scales
rPois   +          Reflect  .   (no helmet)
rElec   .          Harm     .   B - +0 cloak {Stlth+}
rCorr   .          Rampage  .   (no gloves)
Will    .....                   (no barding)
Stlth   +++.......              (no amulet)
HPRegen 0.23/turn               j - +4 ring of protection
MPRegen 0.17/turn               E - ring "Runun" {+Blink Will- Str+6 Int+3}

@: very slow
A: AC +3, large, see invisible, deformed body, poison resistance, slowness 2,
spit poison 1, naga tail 1
a: Spit Poison, Renounce Religion, Evoke Blink, Channel Magic


You were on level 8 of the Dungeon.
You worshipped Sif Muna.
Sif Muna was aware of your devotion.
You visited 2 branches of the dungeon, and saw 9 of its levels.

You collected 406 gold pieces.

Inventory:

Hand Weapons
 D - a +2 spear of flaming
 H - a +2 morningstar of flaming (weapon)
 J - a +2 flail of freezing
Missiles
 r - 3 silver boomerangs
 u - 2 poisoned darts
Armour
 x - a +2 buckler of fire resistance (worn)
 B - a +0 cloak of stealth (worn)
 C - the +1 leather armour of Syndicalism {Fly}
   (You took it off a gnoll on level 5 of the Dungeon)

   Fly:       It grants you flight.
 F - +0 storm dragon scales
 I - +0 steam dragon scales (worn)
Jewellery
 e - a ring of protection from fire
 i - a +4 ring of evasion
 j - a +4 ring of protection (left hand)
 E - the ring "Runun" (right hand) {+Blink Will- Str+6 Int+3}
   (You found it on level 6 of the Dungeon)

   [ring of strength]

   Str:       It affects your strength (+6).
   Int:       It affects your intelligence (+3).
   +Blink:    It lets you blink.
   Will:      It decreases your willpower.
Wands
 b - a wand of iceblast (8)
 o - a wand of digging (9)
 s - a wand of polymorph (15)
 v - a wand of flame (15)
Scrolls
 a - a scroll of immolation {unknown}
 f - 2 scrolls of blinking {unknown}
 g - 4 scrolls of identify {unknown}
 h - 2 scrolls of amnesia {unknown}
 k - a scroll of magic mapping {unknown}
 n - 2 scrolls of vulnerability {unknown}
 p - a scroll of fog {unknown}
 w - a scroll of enchant armour {unknown}
 y - a scroll of noise {unknown}
 G - 2 scrolls of teleportation {unknown}
Potions
 d - 4 potions of curing
 l - a potion of lignification {unknown}
 m - a potion of haste
 q - 2 potions of berserk rage {unknown}
 t - 3 potions of mutation {unknown}
 z - a potion of invisibility {unknown}
 A - a potion of heal wounds {unknown}


   Skills:
 + Level 2.0 Fighting
 - Level 0.7 Maces & Flails
 + Level 3.1 Dodging
 - Level 3.0 Stealth
 + Level 7.3 Spellcasting
 * Level 10.2 Conjurations
 + Level 8.0 Air Magic


You had 11 spell levels left.
You knew the following spells:

 Your Spells              Type           Power      Damage    Failure   Level
a - Shock                 Conj/Air       100%       1d9       1%          1
b - Mephitic Cloud        Conj/Pois/Air  36%        N/A       3%          3
c - Airstrike             Air            22%        N/A       4%          4
d - Sticky Flame          Conj/Fire      32%        2d5       16%         4

Your spell library contained the following spells:

 Spells                   Type           Power      Damage    Failure   Level
 Foxfire                  Conj/Fire      100%       2x1d9     1%          1
 Magic Dart               Conj           100%       1d8       1%          1
 Static Discharge         Conj/Air       50%        N/A       1%          2
 Swiftness                Air            45%        N/A       1%          3
 Poisonous Vapours        Pois/Air       54%        N/A       3%          2
 Conjure Flame            Conj/Fire      32%        6-21      4%          3
 Dazzling Flash           Conj/Hex       64%        N/A       4%          3
 Animate Skeleton         Necr           16%        N/A       12%         1
 Apportation              Tloc           16%        N/A       12%         1
 Sting                    Tmut/Pois      32%        1d4       12%         1
 Summon Small Mammal      Summ           32%        N/A       12%         1
 Flame Wave               Conj/Fire      32%        2d7       16%         4
 Call Imp                 Summ           8%         N/A       19%         2
 Inner Flame              Hex/Fire       8%         N/A       36%         3
 Silence                  Hex/Air        13%        N/A       54%         5
 Dispel Undead            Necr           8%         3d8       77%         4
 Olgreb's Toxic Radiance  Pois           8%         N/A       77%         4
 Agony                    Necr           8%         N/A       98%         5


Dungeon Overview and Level Annotations

Branches:
Dungeon (8/15)             Temple (1/1) D:5
   Lair: D:8-11

Altars:
Dithmenos
Elyvilon
Fedhas
Kikubaaqudgha
Okawaru
Qazlal
Sif Muna
Vehumet
Zin

Shops:
D:4 (

Annotations:
D:4 2 runed translucent doors, awesomeguy42's ghost, amateur HuNe
D:7 2 transporters, a11behringer's ghost, novice DrBe


Innate Abilities, Weirdness & Mutations

Your serpentine skin is tough. (AC +3)
You have supernaturally acute eyesight. (SInv)
Armour fits poorly on your strangely shaped body.
Your system is resistant to poisons. (rPois)
You cover ground very slowly.
You can spit poison.
You have a snake-like lower body.


Message History

Okay, then.
Casting: Sticky Flame (dangerous; 16% risk of failure)
Confirm with . or Enter, or press ? or * to list all spells.
Aiming: Sticky Flame (dangerous; 16% risk of failure)
Press: ? - help, Shift-Dir - straight line, f - komodo dragon
Aim: a komodo dragon (100% to hit)
The sticky flame hits the komodo dragon!
The komodo dragon is lightly wounded.
The komodo dragon is covered in liquid flames!
The komodo dragon burns!
The komodo dragon barely misses you.
The orc warrior hits you with a +0 flail!
Unknown command.
Casting: Sticky Flame (dangerous; 16% risk of failure)
Confirm with . or Enter, or press ? or * to list all spells.
Aiming: Sticky Flame (dangerous; 16% risk of failure)
Press: ? - help, Shift-Dir - straight line, f - orc warrior, p - komodo dragon
Aim: an orc warrior, wielding a +0 flail and wearing a +0 plate armour (100% to hit)
The sticky flame hits the orc warrior.
The orc warrior is lightly wounded.
The orc warrior is covered in liquid flames!
The komodo dragon burns!
The orc warrior burns!
The komodo dragon bites you!
The orc warrior hits you with a +0 flail!
Unknown command.
Casting: Sticky Flame (dangerous; 16% risk of failure)
Confirm with . or Enter, or press ? or * to list all spells.
Aiming: Mephitic Cloud (mildly dangerous; 3% risk of failure)
Press: ? - help, Shift-Dir - straight line, f - you, p - orc warrior The ball explodes into a vile cloud!
The stinking cloud engulfs you but does no damage.
The stinking cloud engulfs the komodo dragon but does no damage.
The komodo dragon is heavily wounded.
The stinking cloud engulfs the orc warrior but does no damage.
The orc warrior is lightly wounded.
You hear an angry growl.
The komodo dragon burns!
The orc warrior burns!
A black bear comes into view.
The komodo dragon bites you!!
* * * LOW HITPOINT WARNING * * *
The orc warrior hits you with a +0 flail!
You die...

#.............#
#.............# #.
##............#
#.##.............#
#..#.............#
##...............#
#..........☼l☼...# ###
#........).☼@...#
...##......>....○o..#
...................##
...................#
.......)............#
.........)..P..P......
.......†......P........
..............PPh........
...........P..P.P.....P..


You could see a komodo dragon (burning), an orc warrior (burning) and a black
bear.

Vanquished Creatures
  A two-headed ogre (D:7)
  Pikel (D:7)
  Maggie (D:6)
  2 komodo dragons (D:8)
  An unseen horror (D:7)
  A hornet (D:7)
  2 wyverns
  Menkaure (D:6)
  Duvessa (D:7)
  A water moccasin (D:7)
  An orc warrior (D:7)
  2 sky beasts
  A black bear (D:6)
  A necrophage (D:5)
  2 ogres
  A centaur (D:5)
  A phantom (D:7)
  A kobold brigand (D:4)
  4 bullfrogs
  A gnoll sergeant (D:5)
  A scorpion (D:8)
  Dowan (D:7)
  4 wights (D:7)
  A bullfrog skeleton (D:7)
  A gnoll shaman (D:5)
  Crazy Yiuf (D:7)
  An orc priest (D:5)
  2 hounds
  4 jellies
  Terence (D:3)
  3 iguanas
  5 orc wizards
  4 hound skeletons
  A howler monkey zombie (D:5)
  A howler monkey skeleton (D:5)
  3 adders
  10 gnolls (D:5)
  2 white imps (D:6)
  A worm (D:5)
  3 dart slugs
  24 orcs
  7 endoplasms
  2 giant cockroaches
  6 goblins
  4 hobgoblins
  3 quokkas
  8 ball pythons
  2 bats (D:1)
  2 frilled lizards
  3 kobolds
  6 rats
144 creatures vanquished.

Vanquished Creatures (others)
  28 fungi (D:8)
  115 plants
143 creatures vanquished.

Grand Total: 287 creatures vanquished

Notes
Turn   | Place    | Note
-------+----------+-------------------------------------------
     0 | D:1      | rogsnak the Naga Air Elementalist began the quest for the
                  | Orb.
     0 | D:1      | Reached XP level 1. HP: 15/15 MP: 3/3
   320 | D:1      | Reached XP level 2. HP: 22/22 MP: 3/5
   774 | D:2      | Found a faded altar of an unknown god.
  1243 | D:2      | Reached XP level 3. HP: 28/28 MP: 2/6
  2222 | D:3      | Noticed Terence
  2232 | D:3      | Learned a level 3 spell: Mephitic Cloud
  2286 | D:3      | Reached skill level 2 in Conjurations
  2474 | D:3      | Found a blossoming altar of Fedhas.
  2550 | D:3      | Reached XP level 4. HP: 36/36 MP: 5/7
  2766 | D:3      | Killed Terence
  3007 | D:3      | Reached XP level 5. HP: 36/42 MP: 3/9
  3089 | D:4      | Noticed an ogre
  3094 | D:4      | Reached skill level 3 in Conjurations
  3100 | D:4      | Killed an ogre
  3101 | D:4      | Reached XP level 6. HP: 43/50 MP: 1/10
  3191 | D:4      | Found a runed translucent door.
  3193 | D:4      | Noticed awesomeguy42's ghost (amateur HuNe)
  3279 | D:4      | Reached skill level 4 in Conjurations
  3373 | D:4      | Learned a level 4 spell: Airstrike
  3570 | D:4      | Found a runed translucent door.
  3916 | D:4      | Found Cotocyo's Weapon Shop.
  4070 | D:5      | Entered Level 5 of the Dungeon
  4249 | D:5      | Reached XP level 7. HP: 20/56 MP: 0/12
  4497 | D:5      | Reached skill level 5 in Conjurations
  4899 | D:5      | Reached skill level 5 in Air Magic
  5057 | D:5      | Reached XP level 8. HP: 46/63 MP: 5/14
  5343 | D:5      | Reached skill level 1 in Fighting
  5715 | D:5      | Found a staircase to the Ecumenical Temple.
  5728 | Temple   | Entered the Ecumenical Temple
  5786 | Temple   | Became a worshipper of Sif Muna the Loreminder
  5810 | D:5      | Identified the +1 leather armour of Syndicalism {Fly}
  5821 | D:5      | Reached skill level 6 in Conjurations
  6087 | D:6      | Identified the ring "Runun" {+Blink Will- Str+6 Int+3}
  6153 | D:6      | Noticed Menkaure
  6198 | D:6      | Killed Menkaure
  6199 | D:6      | Reached skill level 5 in Spellcasting
  6691 | D:6      | Noticed Maggie
  6711 | D:6      | Killed Maggie
  6712 | D:6      | Reached skill level 7 in Conjurations
  6712 | D:6      | Reached XP level 9. HP: 54/70 MP: 2/17
  7125 | D:7      | Noticed a hornet
  7347 | D:7      | Paralysed by a hornet for 3 turns
  7355 | D:7      | Killed a hornet
  7419 | D:7      | Found a transporter.
  7420 | D:7      | Noticed an unseen horror
  7424 | D:7      | Noticed a11behringer's ghost (novice DrBe)
  7479 | D:7      | Found a transporter.
  7503 | D:7      | Killed an unseen horror
  7504 | D:7      | Reached skill level 8 in Conjurations
  7684 | D:7      | Noticed a two-headed ogre
  7690 | D:7      | Noticed Duvessa
  7696 | D:7      | Killed a two-headed ogre
  7701 | D:7      | Killed Duvessa
  7702 | D:7      | Noticed Dowan
  7799 | D:7      | Noticed Pikel
  7803 | D:7      | Killed Dowan
  7805 | D:7      | Killed Pikel
  7805 | D:7      | Reached * piety under Sif Muna
  7806 | D:7      | Reached skill level 9 in Conjurations
  7806 | D:7      | Reached XP level 10. HP: 80/80 MP: 9/20
  7817 | D:7      | Found an ancient bone altar of Kikubaaqudgha.
  9145 | D:7      | Found a runed translucent door.
  9151 | D:7      | Learned a level 4 spell: Sticky Flame
  9151 | D:7      | Noticed Crazy Yiuf
  9157 | D:7      | Killed Crazy Yiuf
  9355 | D:8      | Reached skill level 10 in Conjurations
  9731 | D:8      | Slain by an orc warrior

Illustrated notes

Levels and vault maps discovered:
D:1:      minmay_arrival_glassed_features, layout_loops_ring
D:2:      layout_basic, nicolae_ecumenical_pavilion
D:3:      layout_loops_cross, fedhas_altar_2, minmay_misc_feat_cross,
          kennysheep_pointless_box, kennysheep_cluttered_room,
          minmay_misc_feat_secret_circle, nrook_mini_backslash, uniq_terence
D:4:      layout_loops_corners, ebering_ghost_sewer_f, serial_shops,
          nicolae_shop_bloodbath_and_beyond, nicolae_figureground_pulse
D:5:      layout_basic, minmay_temple_entry_offerings, serial_bayou,
          serial_bayou_pond_b, serial_bayou_pond_d, serial_bayou_lagoon_a,
          serial_bayou_pond_e, serial_bayou_shore_b, serial_bayou_shore_a,
          nicolae_grassy_gnolls
D:6:      layout_cave_pools, uniq_maggie, uniq_menkaure
D:7:      layout_loops_ring, kiku_gazebo_garden_becter, nzn_ghost_randoct,
          minmay_puff, uniq_pikel, uniq_duvessa, uniq_crazy_yiuf_cottage
D:8:      minmay_diamond_stairs, layout_cave_pods, due_lair_maze_entry_diamond,
          serial_shops, nicolae_shop_behind_doors, uniq_prince_ribbit1
Temple:   bh_familiar_temple

Skill      XL: |  1  2  3  4  5  6  7  8  9 10 |
---------------+-------------------------------+-----
Conjurations   | 2 3 4 5 7 9 10 | 10.2
Spellcasting   | 3 4 5 6 7 |  7.3
Air Magic      | 4 5 6 7 8 |  8.0
Dodging        | 2 3 |  3.1
Fighting       | 1 2 |  2.0
Maces & Flails | |  0.7
Stealth        | |  3.0

Action                   |  1- 3 |  4- 6 |  7- 9 | 10-12 || total
-------------------------+-------+-------+-------+-------++-------
Melee: Short sword       |     8 |     9 |    13 |       ||    30
       Trident           |     8 |    20 |       |       ||    28
       Whip              |       |    14 |    20 |       ||    34
       Hand axe          |       |       |     9 |       ||     9
       Spear             |       |       |     7 |     9 ||    16
       Morningstar       |       |       |       |     9 ||     9
 Cast: Shock             |    66 |    80 |   178 |    90 ||   414
       Mephitic Cloud    |       |     1 |    13 |     7 ||    21
       Airstrike         |       |       |     2 |     6 ||     8
       Sticky Flame      |       |       |       |     5 ||     5
 Abil: Spit Poison       |     4 |     9 |    10 |     2 ||    25
  Use: Potion            |       |     2 |       |       ||     2
 Stab: Sleeping          |     1 |     1 |       |       ||     2
       Confused          |       |     2 |     2 |     1 ||     5
Armor: Robe              |     6 |    15 |    19 |       ||    40
       Steam dragon scal |       |       |    11 |    11 ||    22
Dodge: Dodged            |    14 |    48 |    53 |    15 ||   130
Block: Buckler           |       |       |       |     2 ||     2

Table legend: (Time is in decaauts)
 A = Elapsed time spent in this place.
 B = Non-inter-level travel time spent in this place.
 C = Inter-level travel time spent in this place.
 D = Time resting spent in this place.
 E = Time spent auto-exploring this place.
 F = Levels seen in this place.
 G = Mean time per level.
                   A        B        C        D        E       F      G
               +--------+--------+--------+--------+--------+-----+--------+
         Total |  11757 |  11447 |    310 |   2153 |   7083 |   9 | 1306.3 |
       Dungeon |  11659 |  11349 |    310 |   2153 |   7028 |   8 | 1457.4 |
        Temple |     98 |     98 |      0 |      0 |     55 |   1 |   98.0 |
               +--------+--------+--------+--------+--------+-----+--------+

Top non-repeatable levels by time:
     D:7: 2597 daAuts
     D:5: 2201 daAuts
     D:2: 1583 daAuts
     D:6: 1497 daAuts
     D:4: 1430 daAuts
     D:3: 1215 daAuts
     D:1: 986 daAuts
     D:8: 146 daAuts
  Temple: 98 daAuts
